 Dungeon Crawl Stone Soup version 0.31-a0-1-g4198be8af4 (webtiles) character file.

Game seed: 12274511248468524959

914 avis the Trooper (level 7, 0/88 HPs)
             Began as a Demigod Transmuter on May 2, 2023.
             Slain by Grinder (5 damage)
             ... on level 5 of the Dungeon.
             The game lasted 00:35:16 (5801 turns).

avis the Trooper (Demigod Transmuter)               Turns: 5801, Time: 00:35:16

Health: 0/88       AC: 23    Str: 11    XL:     7   Next: 52%
Magic:  14/14      EV:  2    Int: 15    God:
Gold:   166        SH:  0    Dex: 22    Spells: 2/12 levels left

rFire   . . .        b - +0 sling
rCold   . . .        (no shield)
rNeg    . . .        I - melded +0 robe
rPois   +            (helmet currently unavailable)
rElec   .            (cloak currently unavailable)
rCorr   .            (gloves currently unavailable)
SInv    .            j - melded +0 pair of boots
Will    +....        (no amulet)
Stlth   ++           g - ring of willpower
HPRegen 0.34/turn    (no ring)
MPRegen 0.14/turn

%: no passive effects
@: brilliant, tree-form
A: stationary, stasis, torment immunity, boosted hp, high MP 1, forlorn, divine
attributes
a: no special abilities


You were on level 5 of the Dungeon.
You were a tree.
You visited 1 branch of the dungeon, and saw 5 of its levels.
You also visited: Sewer.

You collected 166 gold pieces.

Inventory:

Hand Weapons
 a - a +2 dagger of venom
 b - a +0 sling (weapon)
 q - a +1 heavy falchion
 C - a +2 dagger of venom
 F - a +0 spear of venom
Missiles
 n - 23 poisoned darts
 A - 2 curare-tipped darts
 H - 2 boomerangs
Armour
 j - a +0 pair of boots (melded)
 r - a +2 scale mail of cold resistance
 I - a +0 robe (melded)
Jewellery
 g - a ring of willpower (left branch)
Wands
 s - a wand of roots (8)
 y - a wand of light (4)
Scrolls
 c - 4 scrolls of vulnerability {unknown}
 d - 6 scrolls of identify {unknown}
 e - 3 scrolls of magic mapping {unknown}
 h - a scroll of enchant weapon {unknown}
 l - 5 scrolls of teleportation {unknown}
 p - 3 scrolls of fog {unknown}
 u - 2 scrolls of enchant armour {unknown}
 v - 2 scrolls of poison {unknown}
 x - a scroll of amnesia {unknown}
 z - a scroll of blinking {unknown}
 E - a scroll of butterflies {unknown}
Potions
 f - a potion of berserk rage {unknown}
 i - 2 potions of magic
 k - a potion of attraction {unknown}
 m - a potion of lignification
 o - a potion of haste {unknown}
 t - 3 potions of brilliance
 w - 2 potions of flight {unknown}
 B - 3 potions of curing {unknown}
 D - 3 potions of might {unknown}
 G - a potion of resistance {unknown}
 J - a potion of degeneration {unknown}


   Skills:
 - Level 4.0 Fighting
 - Level 4.0 Dodging
 - Level 4.0 Unarmed Combat
 * Level 3.1 Spellcasting
 * Level 3.1 Transmutations
 * Level 3.1 Ice Magic
 - Level 1.0 Poison Magic


You had 2 spell levels left.
You knew the following spells:

 Your Spells              Type           Power      Damage    Failure   Level
a - Beastly Appendage     Tmut           34%        N/A       5%          1
e - Wereblood             Tmut           17%        N/A       9%          2
p - Spider Form           Tmut/Pois      12%        N/A       26%         3
q - Ice Form              Ice/Tmut       17%        N/A       50%         4

Your spell library contained the following spells:

 Spells                   Type           Power      Damage    Failure   Level
 Sting                    Tmut/Pois      48%        1d5       9%          1
 Magic Dart               Conj           12%        1d3       21%         1
 Poisonous Vapours        Pois/Air       10%        N/A       24%         2
 Cigotuvi's Dreadful Rot  Necr/Pois/Air  8%         N/A       26%         2
 Ignite Poison            Fire/Tmut/Pois 9%         N/A       34%         3
 Olgreb's Toxic Radiance  Pois           7%         N/A       78%         4
 Freezing Cloud           Conj/Ice/Air   4%         6-21      98%         5


Dungeon Overview and Level Annotations

Branches:
Dungeon (5/15)              Sewer (visited)
 Temple: D:4-7

Annotations:
D:5 1 runed translucent door, Grinder


Innate Abilities, Weirdness & Mutations

You are a tree.
Your roots penetrate the ground, keeping you stationary.
You cannot be teleported.
You are immune to unholy pain and torment.
Your maximum health is greatly increased.
Your equipment is partially melded.
You have an increased reservoir of magic. (+10% MP)
You shall have no god before yourself.
Your divine heritage dramatically boosts your attributes as you level up.


Message History

You hit the white imp but do no damage.
The white imp is poisoned.
The white imp is heavily wounded.
The white imp misses you.
You hit the white imp.
The white imp is almost dead.
Your transformation is almost over.
The white imp gestures at you. The puff of frost hits you!
Grinder says, "Just stop there for a second..."
Grinder gestures at you. Pain shoots through your body!
You barely miss the white imp.
The white imp is almost dead.
You kill the white imp!
Grinder gestures at you.
You easily resist.
Grinder closely misses you.
You hit Grinder.
Grinder is heavily wounded.
Grinder hits you!
You hit Grinder but do no damage.
Grinder is heavily wounded.
Grinder hits you!
* * * LOW HITPOINT WARNING * * *
You writhe in agony.
* * * LOW HITPOINT WARNING * * *
Really quaff the potion of lignification?
Your transformation has ended.
Your +0 sling unmelds from your body.
Your +0 pair of boots unmelds from your body.
Your +0 robe unmelds from your body.
You turn into a tree.
Your +0 pair of boots melds into your body.
Your +0 robe melds into your body.
Your roots penetrate the ground.
Grinder hits you.
* * * LOW HITPOINT WARNING * * *
It was a potion of brilliance.
You feel clever all of a sudden. Grinder hits you but does no damage.
It was a potion of magic.
Magic courses through your body. Grinder hits you.
You die...

#≈§§§..≈.≈# #....#..##.....
#≈.≈._.≈.≈# #..............
#≈§§...≈.≈###....##....##..
#≈..§≈§..≈#................
#.≈≈≈≈≈§≈)##......###......
#.###.........##.....####....(.
#....#########.#....##._.##....
#........#......5...##8...##....
................♣....###...8#....
....................## ##.##.....
....5...............# #..#.....
....................# ..⌠......
....................# #........
.#..................# #.#.##...
......(......# ...##....
.............# ##...
...#########.. ....


You could see Grinder (poisoned).

Vanquished Creatures
  2 ogres
  3 kobold brigands (Sewer)
  A scorpion (D:5)
  3 hounds
  2 sleepcaps
  An orc wizard (D:3)
  4 gnolls (D:3)
  9 adders
  2 river rats
  A shadow imp (D:4)
  2 white imps (D:5)
  An ufetubus (D:4)
  9 worms
  A dart slug (D:3)
  12 orcs
  8 ball pythons
  7 bats
  13 endoplasms
  2 giant cockroaches (D:4)
  11 hobgoblins
  4 jackals
  2 quokkas
  4 frilled lizards
  9 goblins
  15 kobolds
  7 rats
135 creatures vanquished.

Notes
Turn   | Place    | Note
-------+----------+-------------------------------------------
     0 | D:1      | avis the Demigod Transmuter began the quest for the Orb.
     0 | D:1      | Reached XP level 1. HP: 15/15 MP: 5/5
    32 | D:1      | Reached skill level 1 in Fighting
   208 | D:1      | Reached XP level 2. HP: 16/23 MP: 5/7
   769 | D:1      | Reached XP level 3. HP: 29/29 MP: 8/8
  1089 | D:2      | Reached skill level 1 in Poison Magic
  1092 | D:2      | Learned a level 2 spell: Wereblood
  1096 | D:2      | Learned a level 3 spell: Spider Form
  2003 | D:3      | Reached XP level 4. HP: 24/36 MP: 5/9
  2597 | D:3      | Reached XP level 5. HP: 12/45 MP: 0/11
  3223 | D:4      | Noticed an ogre
  3249 | D:4      | Killed an ogre
  3426 | D:4      | Reached XP level 6. HP: 51/51 MP: 9/13
  3500 | D:4      | Learned a level 4 spell: Ice Form
  3566 | D:4      | Found a glowing drain.
  3570 | Sewer    | Entered a sewer
  3652 | Sewer    | Reached skill level 1 in Ice Magic
  4851 | D:4      | Reached XP level 7. HP: 57/57 MP: 14/14
  5038 | D:5      | Entered Level 5 of the Dungeon
  5093 | D:5      | Found a runed translucent door.
  5110 | D:5      | Noticed Grinder
  5572 | D:5      | Got Vehumet's Quarto of Momentum
  5799 | D:5      | HP: 4/88 [Grinder (6)]
  5801 | D:5      | Slain by Grinder

Illustrated notes

Levels and vault maps discovered:
D:1:      matt_arrival_los_fun, layout_loops_cross
D:2:      layout_basic, interstate_on_off
D:3:      layout_basic, nicolae_wormholes
D:4:      layout_rooms, grunt_dithmenos_smoke, gup_sewer_entry_spiral
D:5:      layout_rooms, grunt_temple_overflow_magic_moments,
          mainiacjoe_overflow_brackets, mainiacjoe_overflow_paths,
          grunt_temple_overflow_open, ebering_ghost_reflecting_pool,
          moated_statue, uniq_grinder

Skill      XL: |  1  2  3  4  5  6  7 |
---------------+----------------------+-----
Fighting       | 1 2 3 4 |  4.0
Unarmed Combat | 3 4 |  4.0
Dodging        | 2 3 4 |  4.0
Spellcasting   | 2 3 |  3.1
Transmutations | 2 3 |  3.1
Poison Magic   | 1 |  1.0
Ice Magic      | 3 |  3.1

Action                     |  1- 3 |  4- 6 |  7- 9 || total
---------------------------+-------+-------+-------++-------
  Melee: Unarmed           |   145 |   202 |    67 ||   414
         Headbutt          |    22 |     2 |       ||    24
         Kick              |    36 |     7 |       ||    43
         Punch             |     2 |     1 |       ||     3
   Fire: Sling             |       |     8 |    22 ||    30
   Cast: Beastly Appendage |    38 |     8 |       ||    46
         Spider Form       |     1 |    25 |    13 ||    39
         Ice Form          |       |     2 |       ||     2
Ability: End Transformatio |     1 |       |     1 ||     2
    Use: Potion            |       |       |     3 ||     3
   Stab: Sleeping          |     4 |     1 |     1 ||     6
 Armour: Robe              |    17 |     2 |       ||    19
         Skin              |       |     6 |     3 ||     9
  Dodge: Dodged            |    71 |   131 |    46 ||   248

Table legend: (Time is in decaauts)
 A = Elapsed time spent in this place.
 B = Non-inter-level travel time spent in this place.
 C = Inter-level travel time spent in this place.
 D = Time resting spent in this place.
 E = Time spent auto-exploring this place.
 F = Levels seen in this place.
 G = Mean time per level.
                   A        B        C        D        E       F      G
               +--------+--------+--------+--------+--------+-----+--------+
         Total |   5895 |   5405 |    490 |   1666 |   1723 |   6 |  982.5 |
       Dungeon |   4880 |   4390 |    490 |   1119 |   1723 |   5 |  976.0 |
         Sewer |   1015 |   1015 |      0 |    547 |      0 |   1 | 1015.0 |
               +--------+--------+--------+--------+--------+-----+--------+

Top non-repeatable levels by time:
     D:2: 1142 daAuts
     D:3: 1139 daAuts
     D:1: 1034 daAuts
     D:4: 1025 daAuts
   Sewer: 1015 daAuts
     D:5: 538 daAuts
